 Dungeon Crawl Stone Soup version 0.19.1 (webtiles) character file.

772045 ChaseSP the Conqueror (level 27, 0/249 HPs)
             Began as a Formicid Fighter on Nov 27, 2016.
             Was a High Priest of Cheibriados.
             Killed by drain life
             ... invoked by a deathcap
             ... summoned by a curse toe
              (19 damage)
             ... on level 5 of the Realm of Zot on Nov 28, 2016.
             The game lasted 05:20:30 (78020 turns).

ChaseSP the Conqueror (Formicid Fighter)           Turns: 78020, Time: 05:20:30

Health: 0/249      AC: 21    Str: 37      XL:     27
Magic:  30/30      EV: 33    Int: 21      God:    Cheibriados [*****.]
Gold:   5350       SH: 35    Dex: 33 (34) Spells: 2 memorised, 20 levels left

rFire  + . .     SeeInvis +     a - +9 great mace (freeze)
rCold  . . .     Gourm    .     (no armour)
rNeg   . . .     Faith    .     Y - +5 large shield
rPois  .         Spirit   .     (helmet unavailable)
rElec  .         Reflect  +     I - +2 cloak {MR+}
rCorr  .         Harm     .     H - +2 pair of gloves {Dex+3}
MR     +++..                    (no boots)
Stlth  ++........               V - +5 amulet of reflection
                                E - ring of protection from fire
                                D - ring of Robustness {AC+8}

@: very slow
A: permanent stasis, dig shafts and tunnels, four strong arms, antennae 3, icy
blue scales 2, thin metallic scales 1, deterioration 2, dopey 1, subdued magic 1
a: Dig, Shaft Self, Bend Time, Temporal Distortion, Slouch, Step From Time,
Renounce Religion
}: 5/15 runes: decaying, serpentine, slimy, silver, abyssal


You were on level 5 of the Realm of Zot.
You worshipped Cheibriados.
Cheibriados was extremely pleased with you.
You were not hungry.

You visited 11 branches of the dungeon, and saw 56 of its levels.
You visited the Abyss 2 times.
You also visited: Labyrinth, Ice Cave and Wizlab.

You collected 10319 gold pieces.
You spent 4969 gold pieces at shops.

Inventory:

Hand Weapons
 a - a +9 great mace of freezing (weapon)
 b - a +5 arbalest of velocity
Missiles
 W - 1859 bolts
Armour
 d - the +2 crystal plate armour "Axkirghoz" {*Contam rElec Int+4 Dex+4}
   (You acquired it on level 2 of the Vaults)

   It affects your intelligence (+4).
   It affects your dexterity (+4).
   It insulates you from electricity.
   It causes magical contamination when unequipped.
 z - the +18 shield of the Gong {rElec rN+ MR+ EV-5}
   (You bought it in a shop on level 2 of the Orcish Mines)

   It affects your evasion (-5).
   It insulates you from electricity.
   It protects you from negative energy.
   It affects your resistance to hostile enchantments.
 H - a +2 pair of gloves of dexterity (worn)
 I - a +2 cloak of magic resistance (worn)
 T - +0 gold dragon scales
 Y - a +5 large shield (worn)
Jewellery
 g - an uncursed ring of positive energy
 k - an uncursed amulet of harm
 n - an uncursed ring of poison resistance
 s - an uncursed ring of protection from cold
 u - the ring "Ceukh" {MR++ MP+9 Str-4 Dex+7}
   (You found it on level 4 of the Depths)

   [ring of magical power]

   It affects your strength (-4).
   It affects your dexterity (+7).
   It affects your resistance to hostile enchantments.
   It affects your magic capacity (+9).
 x - the ring of Nihilism {*Tele Str+4 Int+5}
   (You found it on level 4 of the Depths)

   [ring of teleportation]

   It may teleport you next to monsters.
   It affects your strength (+4).
   It affects your intelligence (+5).
 D - the ring of Robustness (left hand) {AC+8}
   (You found it on level 14 of the Dungeon)

   [ring of protection]

   It affects your AC (+8).
 E - a ring of protection from fire (right hand)
 V - a +5 amulet of reflection (around neck)
 Z - the amulet "Wopsawyi" {Gourm MR+}
   (You found it in a labyrinth)

   [amulet of the gourmand]

   It allows you to eat raw meat even when not hungry.
   It affects your resistance to hostile enchantments.
Wands
 r - a wand of lightning (7/15)
 t - a wand of paralysis (3/24)
 y - a wand of iceblast (7/15)
 F - a wand of disintegration (21/24)
 K - a wand of iceblast (11/15)
 O - a wand of paralysis (11/24)
 P - a wand of lightning (4/15)
 S - a wand of digging (10/24)
 U - a wand of iceblast (1/15)
Scrolls
 j - 32 scrolls of remove curse
 m - 2 scrolls of silence
 p - 6 scrolls of fog
 q - 13 scrolls of recharging
 w - 2 scrolls of brand weapon
 M - 6 scrolls of identify
 Q - a scroll of amnesia
 R - 5 scrolls of holy word
 X - 2 scrolls of fear
Potions
 c - 2 potions of might
 e - 15 potions of lignification
 h - 4 potions of ambrosia
 i - 32 potions of curing
 l - a potion of magic
 v - 7 potions of flight
 A - a potion of heal wounds
 B - 4 potions of cure mutation
 C - 5 potions of cancellation
 G - 8 potions of resistance
 J - 5 potions of invisibility
 L - 7 potions of agility
 N - a potion of brilliance
Comestibles
 f - 33 bread rations
 o - 19 meat rations


   Skills:
 O Level 27 Fighting
 + Level 20.2 Maces & Flails
 - Level 20.0 Crossbows
 * Level 22.0 Armour
 + Level 16.9 Dodging
 + Level 16.1 Shields
 - Level 17.0 Hexes
 - Level 14.7 Charms
 - Level 13.6 Necromancy
 - Level 10.0 Invocations


You had 20 spell levels left.
You knew the following spells:

 Your Spells              Type           Power        Failure   Level  Hunger
a - Spectral Weapon       Hex/Chrm       ######..     1%          3    ####...
b - Regeneration          Chrm/Necr      #####.....   1%          3    ####...


Dungeon Overview and Level Annotations

Branches:
Dungeon (15/15)            Temple (0/1) D:7            Lair (6/6) D:8
  Swamp (4/4) Lair:2        Snake (4/4) Lair:2        Slime (5/5) Lair:6
    Orc (2/2) D:12            Elf (3/3) Orc:2        Vaults (5/5) D:14
  Crypt (2/3) Vaults:2     Depths (5/5) D:15            Zot (5/5) Depths:5

Altars:
Ashenzari
Cheibriados
Dithmenos
Elyvilon
Fedhas
Gozag
Nemelex Xobeh
Okawaru
Trog
Xom
The Shining One
Beogh
Jiyva
Lugonu

Shops:
D:15 (}   Orc:2 [*(:   Elf:2 }![   Elf:3 %   Snake:3 }   Snake:4 [   Vaults:2 [
Depths:2 }==[

Portals:
Hell: Depths:1 Depths:2 Depths:3 Depths:4 Depths:5
Abyss: Depths:4 Depths:5
Pandemonium: Depths:3
Ziggurat: Depths:3
Trove: Depths:2 (give +2 gold dragon scales)


Innate Abilities, Weirdness & Mutations

You are under a permanent stasis effect.
You can dig through walls and to a lower floor.
Your four strong arms can wield two-handed weapons with a shield.
You have a pair of large antennae on your head. (SInv)
You are mostly covered in icy blue scales. (AC +3)
You are partially covered in thin metallic scales. (AC +2)
Your body often deteriorates upon taking damage.
You are dopey. (Int -2)
Your spells are a little easier to cast, but a little less powerful.


Message History

The electric golem hurls lightning at you.
The bolt of lightning hits you!
* * * LOW HITPOINT WARNING * * *
The curse toe gestures.
You block the electric golem's attack. The electric golem misses you.
You block the electric golem's attack. x2
Okay, then.
Unknown command.
You barely miss the electric golem.
The electric golem is moderately damaged.
The electric golem hits you!
* * * LOW HITPOINT WARNING * * *
The electric golem shocks you!
* * * LOW HITPOINT WARNING * * *
The electric golem hits you but does no damage.
The electric golem hits you!
* * * LOW HITPOINT WARNING * * *
You block the electric golem's attack.
The deathcap draws from the surrounding life force!
You die...

,,,*,,,,,,,.(........##.*######.#
,,,*,,,,,,,,....(....(..*#.......
,,,*,,,,,,,,,..........#*#.######
,,,*,,,,,,,,,..........# #.#
,,,,,,,,,,,,,,§zf.....⌠###.# ###
,,,,,,,,,,,,***#z..........# #..
,,,,,,,,,,,,* #.f.........# #..
,,<,,,,,⌠,,,* #8##.§......# #..
,,,,,,,,,,..####@##........####<.
,,,,,,,,,......f§f........#...'..
*********.....##.##.##....#.###..
*#...,*#.##.##....#.# #..
###,,,....^......#.# #..
*,,.#.##.##.##.#,* #..
**###.##.##.#*...**##.
#......§.,...,* #.
##*..#*,****,,* #.


You could see an electric golem, 2 curse toes, a deathcap and 3 wandering
mushrooms.

Vanquished Creatures
  the Royal Jelly (Slime:5)
  3 ancient liches
  2 orbs of fire
  Mara (Snake:4)
  Boris (twice) (Depths:5 Vaults:5)
  Frederick (Depths:3)
  Saint Roka (Crypt:2)
  Margery (Crypt:2)
  2 curse toes
  Xtahua (Depths:3)
  Vashnia (Snake:3)
  2 Killer Klowns
  18 golden dragons
  2 caustic shrikes
  Nikola (Swamp:2)
  3 bone dragons
  Jorgrun (Vaults:3)
  3 electric golems
  5 liches
  The ghost of mibe the Executioner, an adept DDBe of Trog (Depths:3)
  19 tentacled monstrosities
  4 titans
  4 deep elf blademasters
  2 deep elf master archers (Elf:3)
  Asterion (Depths:3)
  6 quicksilver dragons
  25 acid blobs
  13 death cobs
  2 ancient champions
  9 shadow dragons
  Gastronok (Lair:2)
  11 sphinxes
  7 tentacled starspawn
  12 tengu reavers
  Kirke (Lair:4)
  Roxanne (Snake:3)
  17 storm dragons
  8 draconian monks
  A daeva (Abyss:5)
  23 azure jellies
  9 nagarajas
  A revenant (Crypt:2)
  3 iron dragons
  4 ghost moths
  17 vault wardens
  7 frost giants
  7 draconian knights
  5 deep elf sorcerers
  8 draconian zealots
  A ghost moth (shapeshifter) (Depths:4)
  A cacodemon (Abyss:2)
  8 fire giants
  Aizul (Snake:3)
  An orc warlord (Orc:2)
  6 draconian shifters
  4 draconian scorchers
  A caustic shrike skeleton (Crypt:2)
  2 curse skulls
  A spriggan defender (Depths:1)
  7 deep elf elementalists
  3 draconian callers
  A reaper (Depths:3)
  6 draconian annihilators
  11 war gargoyles
  An entropy weaver (Vaults:4)
  13 ironheart preservers
  6 vampire knights
  A juggernaut skeleton (Depths:1)
  23 very ugly things
  22 stone giants
  13 black draconians
  6 deep elf demonologists
  Azrael (D:12)
  8 white draconians
  9 spark wasps
  10 green draconians
  10 purple draconians
  11 deep elf annihilators
  A dire elephant (Abyss:3)
  11 red draconians
  13 yellow draconians
  10 mottled draconians
  3 green deaths
  9 deep elf death magi
  A merfolk javelineer (Depths:5)
  11 crystal guardians
  3 eidola
  19 ettins
  A minotaur (Lab)
  A blizzard demon (Depths:4)
  13 fire dragons
  3 minotaurs (shapeshifter)
  5 death oozes
  7 jiangshi
  Fannar (Lair:2)
  13 yaktaur captains
  7 deep elf high priests
  11 great orbs of eyes
  32 vault guards
  Harold (Lair:4)
  A monstrous demonspawn (Depths:3)
  18 hydras
  18 naga warriors
  9 rakshasas
  21 ice dragons
  2 ghost crabs (Swamp:3)
  A catoblepas (Lair:1)
  2 hell beasts (Swamp:4)
  A catoblepas (shapeshifter) (Depths:4)
  5 spriggan air magi
  A hydra (shapeshifter) (Depths:4)
  12 alligators
  8 death knights
  A juggernaut simulacrum (Depths:1)
  16 ogre magi
  An anaconda (shapeshifter) (Vaults:5)
  An alligator (shapeshifter) (Depths:4)
  14 anacondas
  46 dancing weapons
  21 centaur warriors
  A queen ant (shapeshifter) (Depths:4)
  7 deep troll shamans
  6 deep troll earth magi
  24 naga sharpshooters
  A tengu warrior (D:15)
  A titan zombie (Depths:1)
  4 spriggan berserkers
  9 thrashing horrors
  5 vampire magi
  An orc high priest (Orc:2)
  A shock serpent (shapeshifter) (Vaults:5)
  17 deep elf knights
  7 shock serpents
  5 hell knights
  Nergalle (Lair:4)
  2 soul eaters
  22 small abominations
  A storm dragon zombie (Vaults:2)
  5 salamander mystics
  2 wretched stars (Abyss:2)
  3 sixfirhies (Abyss:2)
  A death drake (shapeshifter) (Depths:1)
  12 skeletal warriors
  An iron troll (Depths:3)
  A shadow wraith (Crypt:2)
  A ghost moth zombie (Crypt:1)
  A storm dragon skeleton (Crypt:1)
  A death drake (Abyss:3)
  A deep troll (shapeshifter) (Depths:1)
  2 spatial maelstroms
  2 unseen horrors (shapeshifter)
  3 shambling mangroves
  11 glowing orange brains
  A spark wasp zombie (Depths:2)
  10 naga ritualists
  26 deep trolls
  10 unseen horrors
  An infernal demonspawn (Depths:3)
  6 flayed ghosts
  A tengu zombie (Vaults:4)
  3 wizards
  3 spriggan druids (Swamp:4)
  7 swamp dragons
  16 deep elf archers
  3 obsidian statues (Depths:4)
  A glowing orange brain (shapeshifter) (Vaults:5)
  A lindwurm (shapeshifter) (Depths:4)
  An orange crystal statue (Depths:1)
  15 hill giants
  10 phantasmal warriors
  18 orc knights
  24 ironbrand convokers
  2 hill giants (shapeshifter)
  A sphinx zombie (Depths:1)
  2 wolf spiders (shapeshifter)
  Pikel (D:4)
  3 harpies (Vaults:1)
  9 necromancers
  An iron dragon zombie (Depths:1)
  19 mana vipers
  72 ugly things
  4 orc sorcerers
  3 wolf spiders
  5 shining eyes
  2 sphinx skeletons
  2 manticores
  83 deep elf magi
  4 cyclopes
  3 frost giant zombies
  27 large abominations
  A fire giant zombie (Vaults:4)
  A stone giant zombie (Crypt:1)
  7 worldbinders
  30 moths of wrath
  A frost giant skeleton (Crypt:1)
  13 salamanders
  14 vault sentinels
  An apocalypse crab (Abyss:5)
  A shining eye (shapeshifter) (Vaults:5)
  Maurice (D:12)
  8 guardian serpents
  An elephant (shapeshifter) (Depths:4)
  A water nymph (shapeshifter) (Depths:2)
  5 ice statues (IceCv)
  A torpor snail (Lair:2)
  22 naga magi
  29 black mambas
  4 eyes of devastation
  2 water nymphs (Abyss:3)
  A torpor snail (shapeshifter) (Depths:4)
  2 centaur zombies
  7 gargoyles
  An eye of devastation (shapeshifter) (Depths:2)
  Psyche (D:8)
  4 smoke demons
  A yaktaur zombie (Vaults:4)
  The ghost of ChaseSP the Cleaver, a novice FoFi (D:4)
  A spiny frog (shapeshifter) (Depths:4)
  A titan simulacrum (Crypt:1)
  A human zombie (Vaults:2)
  16 spiny frogs
  6 orange demons
  6 komodo dragons
  2 efreet
  11 freezing wraiths
  An iron troll zombie (Crypt:2)
  50 yaktaurs
  5 rime drakes (Lair:6)
  5 tengu conjurers
  4 anaconda simulacra
  An elf skeleton (Depths:1)
  2 harpy zombies
  A komodo dragon (shapeshifter) (Depths:4)
  A hellwing (Abyss:2)
  2 ice devils
  A troll (shapeshifter) (Depths:2)
  A demonic crawler (Abyss:5)
  2 human skeletons
  A red devil (Depths:2)
  5 ancient zymes
  A meliai (shapeshifter) (Depths:2)
  22 hornets
  27 two-headed ogres
  6 tyrant leeches
  3 wind drakes (Depths:4)
  2 polar bears
  7 trolls
  A sphinx simulacrum (Vaults:1)
  A tyrant leech (shapeshifter) (Vaults:3)
  178 slime creatures
  32 raiju
  A raiju (shapeshifter) (Elf:2)
  2 blink frogs (shapeshifter)
  12 bog bodies
  11 blink frogs (Lair:5)
  8 hippogriffs
  A minotaur skeleton (Crypt:2)
  A harpy skeleton (D:14)
  A moth of wrath zombie (Crypt:1)
  An ettin zombie (Abyss:2)
  A dream sheep (shapeshifter) (Vaults:5)
  4 flying skulls (Abyss:5)
  12 air elementals
  A frost giant simulacrum (Vaults:1)
  A fire dragon zombie (Abyss:2)
  40 starcursed masses
  A spriggan skeleton (Depths:1)
  2 human simulacra
  4 hill giant zombies
  5 shadows
  A redback (shapeshifter) (Depths:4)
  11 spriggans
  Sigmund (D:3)
  A spriggan (shapeshifter) (Vaults:3)
  2 dire elephant simulacra (IceCv)
  8 wraiths
  5 vampires
  6 ynoxinuls
  A spriggan simulacrum (Depths:1)
  51 yaks
  2 hogs (Lair:4)
  3 wyverns
  4 basilisks
  10 fire elementals
  6 golden eyes (Slime:1)
  25 vampire mosquitoes
  17 water elementals
  2 hogs (shapeshifter)
  4 hungry ghosts
  3 neqoxecs
  A steam dragon (Lair:6)
  6 chaos spawn
  A steam dragon (shapeshifter) (Vaults:1)
  2 harpy simulacra (IceCv)
  2 spatial vortices (Abyss:2)
  16 insubstantial wisps
  A swamp worm (shapeshifter) (Depths:4)
  12 wargs
  3 mottled dragons
  22 swamp worms
  A gelid demonspawn zombie (Crypt:1)
  2 hell hounds (D:12)
  61 nagas
  A floating eye (shapeshifter) (Depths:4)
  A floating eye (Depths:3)
  12 porcupines
  2 hydra simulacra (IceCv)
  12 water moccasins
  A swamp drake (shapeshifter) (Depths:4)
  10 swamp drakes
  A hornet zombie (D:14)
  49 orc warriors
  4 sky beasts
  2 slaves (D:4)
  2 black bears (shapeshifter)
  A black bear (D:11)
  10 ice beasts
  67 ogres
  6 eyes of draining
  A swamp dragon skeleton (Crypt:1)
  A necrophage (D:7)
  14 boggarts
  34 centaurs
  2 phantoms
  7 wolves
  19 crocodiles
  An elephant skeleton (Crypt:1)
  A big kobold (shapeshifter) (Vaults:5)
  A big kobold (D:8)
  A rime drake skeleton (Crypt:1)
  20 bullfrogs
  A gnoll sergeant (Orc:1)
  A wyvern zombie (D:12)
  12 earth elementals
  A scorpion (shapeshifter) (Depths:2)
  A warg zombie (Crypt:1)
  7 troll zombies (WizLab)
  2 scorpions
  12 killer bees
  11 wights
  6 howler monkeys
  7 electric eels
  9 crimson imps
  A bullfrog zombie (D:13)
  A wyvern simulacrum (D:14)
  2 jellies
  32 orc wizards
  3 bullfrog skeletons
  A quasit (D:13)
  7 centaur skeletons
  16 orc priests
  4 hounds
  2 iron imps
  3 iguanas
  Natasha (thrice) (D:2)
  A demonspawn skeleton (Crypt:1)
  10 worker ants
  2 killer bee zombies (D:8)
  A crocodile zombie (Crypt:2)
  13 ogre zombies
  2 hound skeletons
  A worker ant zombie (D:11)
  17 adders
  3 gnolls (Orc:1)
  A river rat (D:8)
  3 shadow imps
  7 white imps
  4 ufetubi
  2 oozes
  2 adder zombies
  A halfling skeleton (Crypt:1)
  4 worms
  3 ball lightnings (Depths:4)
  5 leopard geckos
  114 orcs
  12 bats
  5 giant cockroaches
  5 goblins
  7 hobgoblins
  12 jackals
  7 kobolds
  A quokka (D:5)
  2 ball pythons (D:1)
  5 frilled lizards
  2 goblin skeletons (D:12)
  5 goblin zombies (D:12)
  2 hobgoblin skeletons (D:12)
  2 hobgoblin zombies (D:12)
  A jackal zombie (D:8)
  2 kobold simulacra (Crypt:1)
  A leopard gecko skeleton (D:4)
  3 orc skeletons (D:12)
  11 orc zombies (D:12)
  A quokka skeleton (D:8)
  3 rats
  7 crawling corpses
  A fungus (D:8)
  3 plants (D:8)
  3 starspawn tentacles
3101 creatures vanquished.

Vanquished Creatures (others)
  An ancient lich (Zot:5)
  A storm dragon (Vaults:5)
  A fire giant (Vaults:5)
  A vault warden (Vaults:5)
  2 stone giants
  A very ugly thing (Abyss:5)
  2 yaktaur captains
  A hydra (Swamp:2)
  A satyr (Abyss:3)
  A shock serpent (Snake:2)
  A thrashing horror (Abyss:2)
  A deep elf knight (Elf:2)
  3 small abominations
  A shadow wraith (Abyss:5)
  A glowing orange brain (Depths:4)
  2 ugly things (Abyss:5)
  3 moths of wrath (Zot:5)
  6 yaktaurs
  A kobold demonologist (Abyss:5)
  A hellwing (Abyss:5)
  A large abomination (Abyss:5)
  A raiju (Abyss:5)
  2 wind drakes (Depths:4)
  A slime creature (Depths:2)
  A shadow (Crypt:1)
  A ynoxinul (Abyss:5)
  A water elemental (Depths:4)
  2 humans (Lair:4)
  A warg (Vaults:4)
  A naga (Snake:4)
  3 centaurs
  3 white imps (Abyss:5)
  5 ball lightnings (Depths:4)
  2 orcs
  8 fungi
  A lurking horror (Abyss:2)
  33 plants
  2 spectral weapons
  26 starspawn tentacles
127 creatures vanquished.

Grand Total: 3228 creatures vanquished

Notes
Turn   | Place    | Note
-------+----------+-------------------------------------------
     0 | D:1      | ChaseSP the Formicid Fighter began the quest for the Orb.
     0 | D:1      | Reached XP level 1. HP: 18/18 MP: 1/1
    80 | D:1      | Reached XP level 2. HP: 9/24 MP: 2/2
   485 | D:1      | Reached XP level 3. HP: 28/29 MP: 3/3
   836 | D:2      | Noticed Natasha
   866 | D:2      | Killed Natasha
   866 | D:2      | Reached XP level 4. HP: 33/35 MP: 4/4
   872 | D:2      | Noticed Natasha
   877 | D:2      | Killed Natasha
   880 | D:2      | Reached XP level 5. HP: 38/41 MP: 5/5
   881 | D:2      | Noticed Natasha
   905 | D:2      | Killed Natasha
   905 | D:2      | Reached skill level 5 in Maces & Flails
  1313 | D:2      | Found a snail-covered altar of Cheibriados.
  1411 | D:2      | Became a worshipper of Cheibriados the Contemplative
  1729 | D:3      | Noticed Sigmund
  1750 | D:3      | Killed Sigmund
  1750 | D:3      | Reached XP level 6. HP: 18/47 MP: 6/6
  2385 | D:3      | Reached * piety under Cheibriados
  2754 | D:3      | Reached XP level 7. HP: 19/52 MP: 7/7
  2887 | D:3      | Found a faded altar of an unknown god.
  2887 | D:3      | Found a faded altar of an unknown god.
  2892 | D:3      | Found an iron altar of Okawaru.
  2894 | D:3      | Found a faded altar of an unknown god.
  2896 | D:3      | Found a faded altar of an unknown god.
  2991 | D:3      | Found a shimmering altar of Xom.
  3256 | D:4      | Reached skill level 1 in Invocations
  3445 | D:4      | Reached ** piety under Cheibriados
  3511 | D:4      | Noticed ChaseSP's ghost (novice FoFi)
  3774 | D:4      | Found a shattered altar of Ashenzari.
  4260 | D:4      | Killed ChaseSP's ghost
  4260 | D:4      | Reached XP level 8. HP: 48/58 MP: 2/8
  4307 | D:4      | Noticed Pikel
  4319 | D:4      | Killed Pikel
  4319 | D:4      | Reached skill level 10 in Maces & Flails
  4319 | D:4      | Reached XP level 9. HP: 28/64 MP: 9/9
  4622 | D:5      | Entered Level 5 of the Dungeon
  5705 | D:6      | Reached *** piety under Cheibriados
  6784 | D:7      | Found a staircase to the Ecumenical Temple.
  7006 | D:7      | Gained mutation: You are partially covered in icy blue scales. (AC +2) [potion of mutation]
  7006 | D:7      | Gained mutation: You are mostly covered in icy blue scales. (AC +3) [potion of mutation]
  7006 | D:7      | Gained mutation: You are partially covered in thin metallic scales. (AC +2) [potion of mutation]
  7342 | D:7      | Reached XP level 10. HP: 38/70 MP: 13/13
  7795 | D:7      | Reached skill level 5 in Invocations
  7996 | D:7      | Reached **** piety under Cheibriados
  8875 | D:8      | Found an opulent altar of Gozag.
  8977 | D:8      | Found a shadowy altar of Dithmenos.
  9007 | D:8      | Found a staircase to the Lair.
  9092 | D:8      | Noticed Psyche
  9127 | D:8      | Killed Psyche
  9425 | D:9      | Found a white marble altar of Elyvilon.
  9998 | D:9      | Found a sparkling altar of Nemelex Xobeh.
 10282 | D:9      | Found a bloodstained altar of Trog.
 10318 | D:10     | Entered Level 10 of the Dungeon
 10352 | D:10     | Reached XP level 11. HP: 64/74 MP: 15/15
 10594 | D:10     | Reached skill level 5 in Armour
 11148 | D:10     | Found a blossoming altar of Fedhas.
 11536 | Lair:1   | Entered Level 1 of the Lair of Beasts
 11567 | Lair:1   | Found a labyrinth entrance.
 11576 | Lair:1   | Noticed a catoblepas
 11606 | Lab      | Entered a labyrinth
 12589 | Lab      | Noticed a minotaur
 12604 | Lab      | Killed a minotaur
 12609 | Lab      | Got a steaming steel amulet
 12610 | Lab      | Identified the amulet "Wopsawyi" {Gourm MR+} (You found it in a labyrinth)
 12720 | Lab      | Got a pitted long sword
 12721 | Lab      | Identified the +8 long sword of Xoewn {speed, *Slow MR+ Str+7 Stlth+} (You found it in a labyrinth)
 12766 | Lair:1   | Killed a catoblepas
 12766 | Lair:1   | Reached skill level 4 in Fighting
 13062 | Lair:1   | Reached skill level 15 in Maces & Flails
 13101 | Lair:1   | Identified a scroll of acquirement
 13469 | Lair:2   | Found a staircase to the Snake Pit.
 13793 | Lair:2   | Noticed Gastronok
 13797 | Lair:2   | You fall through a shaft for 2 floors!
 13797 | Lair:4   | Noticed Kirke
 13801 | Lair:4   | Noticed a manticore
 13825 | Lair:4   | Killed Kirke
 13825 | Lair:4   | Reached skill level 5 in Fighting
 13825 | Lair:4   | Reached XP level 12. HP: 54/86 MP: 16/16
 13831 | Lair:4   | Reached skill level 5 in Shields
 13868 | Lair:4   | Noticed Harold
 13868 | Lair:4   | Noticed Nergalle
 13871 | Lair:4   | You fall through a shaft for 2 floors!
 13871 | Lair:6   | Entered Level 6 of the Lair of Beasts
 14147 | Lair:6   | Found a staircase to the Slime Pits.
 14216 | Lair:5   | Reached skill level 6 in Fighting
 14463 | Lair:6   | Reached ***** piety under Cheibriados
 14732 | Lair:6   | Reached skill level 7 in Fighting
 14917 | Lair:6   | Noticed a fire dragon
 14987 | Lair:6   | Killed a fire dragon
 14987 | Lair:6   | Reached XP level 13. HP: 66/96 MP: 18/18
 16131 | Lair:5   | Noticed a seven-headed hydra
 16137 | Lair:5   | Killed a seven-headed hydra
 16137 | Lair:5   | Reached skill level 8 in Fighting
 16203 | Lair:4   | Noticed a four-headed hydra
 16208 | Lair:4   | Killed a four-headed hydra
 16224 | Lair:4   | Killed Nergalle
 16242 | Lair:4   | Killed Harold
 16815 | Lair:4   | Noticed a four-headed hydra
 16822 | Lair:4   | Killed a four-headed hydra
 16822 | Lair:4   | Reached skill level 9 in Fighting
 17001 | Lair:4   | Noticed a six-headed hydra
 17007 | Lair:4   | Killed a six-headed hydra
 18284 | Lair:2   | Killed Gastronok
 18284 | Lair:2   | Reached XP level 14. HP: 102/108 MP: 12/21
 18574 | Lair:2   | Noticed Fannar
 18586 | Lair:2   | Killed Fannar
 18615 | Lair:2   | Found a staircase to the Swamp.
 19450 | D:11     | Reached ****** piety under Cheibriados
 19457 | D:11     | Reached skill level 1 in Dodging
 19864 | D:11     | Reached skill level 10 in Invocations
 20049 | D:12     | Found a staircase to the Orcish Mines.
 20061 | D:12     | Reached skill level 10 in Fighting
 20065 | D:12     | Noticed Maurice
 20068 | D:12     | Killed Maurice
 20352 | D:12     | Noticed Azrael
 20363 | D:12     | Killed Azrael
 20835 | Orc:1    | Entered Level 1 of the Orcish Mines
 21102 | Orc:2    | Entered Level 2 of the Orcish Mines
 21203 | Orc:2    | Noticed a stone giant
 21207 | Orc:2    | Killed a stone giant
 21278 | Orc:2    | Reached XP level 15. HP: 71/117 MP: 12/22
 21661 | Orc:2    | Found a staircase to the Elven Halls.
 21762 | Orc:1    | Found a roughly hewn altar of Beogh.
 22092 | Orc:2    | Noticed an orc warlord
 22106 | Orc:2    | Killed an orc warlord
 22587 | Orc:2    | Found a roughly hewn altar of Beogh.
 22597 | Orc:2    | Found Kigufo's General Store.
 22783 | Orc:2    | Reached skill level 10 in Shields
 22878 | Orc:2    | Found Dyutaps's Antique Armour Boutique.
 22893 | Orc:2    | Found Zucveh's Antique Weapon Boutique.
 22909 | Orc:2    | Found Hiuvawat's Book Boutique.
 23588 | D:13     | Reached skill level 5 in Dodging
 23620 | D:13     | Reached skill level 11 in Fighting
 24787 | Orc:2    | Bought a hand crossbow for 80 gold pieces
 24915 | D:14     | Reached XP level 16. HP: 127/127 MP: 23/23
 25162 | D:14     | Found a gate to the Vaults.
 25443 | D:15     | Entered Level 15 of the Dungeon
 25497 | D:15     | Reached skill level 1 in Crossbows
 25535 | D:15     | Found a staircase to the Depths.
 25603 | D:15     | Found Gashrez's Antique Weapon Shoppe.
 25685 | D:15     | Found Limuxedo's Gadget Boutique.
 25954 | D:15     | Reached skill level 12 in Fighting
 26345 | Swamp:1  | Entered Level 1 of the Swamp
 26464 | Swamp:1  | Reached skill level 5 in Crossbows
 27744 | Swamp:2  | Noticed Nikola
 27758 | Swamp:2  | Killed Nikola
 27758 | Swamp:2  | Reached XP level 17. HP: 76/135 MP: 17/24
 28615 | Swamp:3  | Reached skill level 10 in Armour
 28951 | Swamp:4  | Entered Level 4 of the Swamp
 28971 | Swamp:4  | Reached skill level 13 in Fighting
 29545 | Swamp:4  | Reached XP level 18. HP: 112/144 MP: 25/25
 29873 | Swamp:4  | Got a decaying rune of Zot
 30501 | Snake:1  | Entered Level 1 of the Snake Pit
 30769 | Orc:2    | Bought +0 storm dragon scales for 1120 gold pieces
 31134 | Snake:1  | Reached skill level 10 in Crossbows
 32304 | Snake:1  | Reached skill level 14 in Fighting
 33527 | Snake:2  | Reached XP level 19. HP: 152/152 MP: 26/26
 34057 | Snake:3  | Found Haiseby's Gadget Boutique.
 34101 | Snake:3  | Noticed Vashnia
 34127 | Snake:3  | Killed Vashnia
 34278 | Snake:3  | Noticed Roxanne
 34484 | Snake:3  | Noticed Aizul
 34491 | Snake:3  | Killed Aizul
 34590 | Snake:3  | Identified the +1 plate armour of Liulofur {rN+ MR+} (You acquired it on level 3 of the Snake Pit)
 34780 | Snake:3  | Killed Roxanne
 35137 | Snake:4  | Entered Level 4 of the Snake Pit
 35137 | Snake:4  | Noticed Mara
 35144 | Snake:4  | Killed Mara
 35208 | Snake:4  | Found a shattered altar of Ashenzari.
 35708 | Snake:4  | Reached skill level 15 in Shields
 35771 | Snake:4  | Reached XP level 20. HP: 105/159 MP: 27/27
 36422 | Snake:4  | Got a serpentine rune of Zot
 36825 | Snake:4  | Found Vuinol Xeiwn's Armour Emporium.
 37052 | Snake:4  | Reached skill level 15 in Crossbows
 37430 | Vaults:1 | Entered Level 1 of the Vaults
 38498 | Vaults:1 | Reached skill level 10 in Dodging
 38498 | Vaults:1 | Reached XP level 21. HP: 165/166 MP: 28/28
 38830 | Vaults:2 | Found Rehapriz's Armour Shop.
 39052 | Vaults:2 | Found a staircase to the Crypt.
 39359 | Vaults:2 | Identified the +2 crystal plate armour "Axkirghoz" {*Contam rElec Int+4 Dex+4} (You acquired it on level 2 of the Vaults)
 40011 | Vaults:2 | Reached skill level 15 in Fighting
 40753 | Vaults:3 | Noticed Jorgrun
 40770 | Vaults:3 | Killed Jorgrun
 41185 | Vaults:3 | Reached XP level 22. HP: 175/175 MP: 29/29
 43827 | Elf:1    | Entered Level 1 of the Elven Halls
 43833 | Elf:1    | Reached XP level 23. HP: 183/183 MP: 19/30
 43841 | Elf:1    | Reached skill level 16 in Fighting
 43854 | Elf:1    | Identified the amulet of the Many Ships {*Corrode +Rage rN++ Str-4 Dex+8} (You found it on level 1 of the Elven Halls)
 44979 | Elf:2    | Found Moca Eqa's Quality Used Wands.
 45031 | Elf:2    | Found a frozen archway.
 45045 | IceCv    | Entered an ice cave
 45403 | Elf:2    | Found Houfish's Distillery.
 45416 | Elf:2    | Found Muares's Antique Armour Emporium.
 45582 | Elf:2    | Found a huge runed gate.
 45582 | Elf:2    | Found a huge runed gate.
 45582 | Elf:2    | Found a huge runed gate.
 45582 | Elf:2    | Found a huge runed gate.
 45582 | Elf:2    | Found a huge runed gate.
 46203 | Elf:3    | Entered Level 3 of the Elven Halls
 46732 | Elf:3    | Found Ypluh's Food Boutique.
 46760 | Elf:3    | Bought a meat ration for 55 gold pieces
 46760 | Elf:3    | Bought a bread ration for 55 gold pieces
 46760 | Elf:3    | Bought a bread ration for 55 gold pieces
 46760 | Elf:3    | Bought a bread ration for 55 gold pieces
 46760 | Elf:3    | Bought a bread ration for 55 gold pieces
 46760 | Elf:3    | Bought a bread ration for 55 gold pieces
 46760 | Elf:3    | Bought a bread ration for 55 gold pieces
 46760 | Elf:3    | Bought a meat ration for 55 gold pieces
 46879 | Elf:3    | Reached skill level 15 in Armour
 47140 | Elf:3    | Reached XP level 24. HP: 190/193 MP: 30/30
 47837 | Elf:3    | Identified a +1 pair of boots of running (You found it on level 3 of the Elven Halls)
 47843 | Elf:3    | Identified Vaklamey's Almanac of Earthen Enchantment
 47850 | Elf:3    | Learned a level 3 spell: Spectral Weapon
 47929 | Elf:3    | Identified Likia's Papyrus of Freezing Calling
 48090 | Elf:3    | Identified the ring "Xiyr Bykk" {*Tele rC++ Int-5} (You took it off a deep elf annihilator on level 3 of the Elven Halls)
 48201 | Elf:3    | Identified Soeriomp's Compendium of the Mutagenic Glacier
 48448 | Depths:1 | Entered Level 1 of the Depths
 48572 | Depths:1 | Reached skill level 1 in Charms
 48700 | Depths:1 | Reached skill level 1 in Hexes
 49022 | Depths:1 | Found a corrupted altar of Lugonu.
 49090 | Depths:1 | Reached skill level 17 in Fighting
 50067 | Depths:1 | Noticed a caustic shrike
 50068 | Depths:1 | Killed a caustic shrike
 50072 | Depths:1 | Reached skill level 5 in Charms
 50207 | Depths:1 | Identified the Compendium of Glacial Calling
 50318 | Depths:1 | Reached skill level 5 in Hexes
 50564 | Depths:1 | Reached XP level 25. HP: 196/201 MP: 30/30
 50612 | Depths:1 | Found a gateway to Hell.
 50988 | Depths:2 | Found a magical portal.
 50996 | WizLab   | Entered Zonguldrok's Shrine
 51149 | WizLab   | Noticed an antique lich
 51162 | WizLab   | Killed an antique lich
 51202 | WizLab   | Learned a level 3 spell: Regeneration
 51316 | Depths:2 | Found a portal to a secret trove of treasure.
 51364 | Depths:2 | Reached skill level 1 in Necromancy
 51606 | Depths:2 | Found Joackyskesm's Antique Armour Shoppe.
 51616 | Depths:2 | Bought a ruby-encrusted chain mail for 389 gold pieces
 51616 | Depths:2 | Identified the +8 chain mail "Sarakk" {*Slow rPois rC+++ Str-5} (You bought it in a shop on level 2 of the Depths)
 51732 | Depths:2 | Gained mutation: You are covered in fur. (AC +1) [potion of beneficial mutation]
 51785 | Depths:2 | Found Exuomo's Gadget Boutique.
 51785 | Depths:2 | Found Viuxtina's Jewellery Shoppe.
 51786 | Depths:2 | Found Houcucau's Jewellery Shoppe.
 51798 | Depths:2 | Bought an uncursed ring of protection from fire for 400 gold pieces
 51798 | Depths:2 | Bought a +5 amulet of reflection for 400 gold pieces
 52637 | Depths:3 | Noticed Xtahua
 52650 | Depths:3 | Killed Xtahua
 52976 | Depths:3 | Noticed a caustic shrike
 52990 | Depths:3 | Killed a caustic shrike
 53063 | Depths:3 | Noticed Asterion
 53072 | Depths:3 | Killed Asterion
 53391 | Depths:3 | Reached XP level 26. HP: 138/208 MP: 30/30
 53533 | Depths:3 | Noticed mibe's ghost (adept DDBe)
 53543 | Depths:3 | Killed mibe's ghost
 53684 | Depths:3 | Found a one-way gate leading to the halls of Pandemonium.
 53761 | Depths:3 | Found a gateway to a ziggurat.
 53776 | Depths:3 | Noticed Frederick
 53788 | Depths:3 | Killed Frederick
 54506 | Depths:4 | Identified the Tome of Flamy Benedictions
 54833 | Depths:4 | Reached skill level 18 in Fighting
 54912 | Depths:4 | Reached skill level 15 in Dodging
 55063 | Depths:4 | Found a one-way gate to the infinite horrors of the Abyss.
 55098 | Depths:4 | Got a brightly glowing silver ring
 55100 | Depths:4 | Identified the ring "Ceukh" {MR++ MP+9 Str-4 Dex+7} (You found it on level 4 of the Depths)
 55172 | Depths:4 | Got a shimmering golden ring
 55538 | Depths:5 | Entered Level 5 of the Depths
 55863 | Depths:5 | Reached skill level 10 in Charms
 55883 | Depths:5 | Found a glowing golden altar of the Shining One.
 56018 | Depths:5 | Identified the ring of Nihilism {*Tele Str+4 Int+5} (You found it on level 4 of the Depths)
 56214 | Depths:5 | Noticed Boris
 56223 | Depths:5 | Killed Boris
 56223 | Depths:5 | Reached XP level 27. HP: 216/216 MP: 30/30
 56259 | Depths:5 | Reached skill level 10 in Hexes
 56511 | Depths:5 | Found a gate to the Realm of Zot.
 57549 | Slime:1  | Entered Level 1 of the Pits of Slime
 58166 | Slime:2  | Gained mutation: Your magical capacity is low. (-10% MP) [a shining eye]
 59127 | Slime:2  | Gained mutation: You are weak. (Str -2) [a shining eye]
 59620 | Slime:4  | Gained mutation: Armour fits poorly on your strangely shaped body. [a shining eye]
 59626 | Slime:4  | Gained mutation: Potions and wands are less effective at restoring your health. [a shining eye]
 59629 | Slime:4  | Gained mutation: Your magical capacity is very low. (-20% MP) [a shining eye]
 59631 | Slime:4  | Gained mutation: Your body sometimes deteriorates upon taking damage. [a shining eye]
 59634 | Slime:4  | Lost mutation: Armour fits poorly on your strangely shaped body. [potion of cure mutation]
 59634 | Slime:4  | Lost mutation: Your magical capacity is very low. (-20% MP) [potion of cure mutation]
 59634 | Slime:4  | Lost mutation: You are covered in fur. (AC +1) [potion of cure mutation]
 59634 | Slime:4  | Lost mutation: You are weak. (Str -2) [potion of cure mutation]
 59634 | Slime:4  | Lost mutation: Potions and wands are less effective at restoring your health. [potion of cure mutation]
 60686 | Slime:5  | Entered Level 5 of the Pits of Slime
 60732 | Slime:5  | Reached skill level 19 in Fighting
 61066 | Slime:5  | Found a viscous altar of Jiyva.
 61073 | Slime:5  | Noticed the Royal Jelly
 61087 | Slime:5  | Killed the Royal Jelly
 61341 | Slime:5  | Got a slimy rune of Zot
 61370 | Slime:5  | Identified the Almanac of Venomous Dark Rituals
 61468 | Slime:5  | Identified the amulet "Lygabb" {Harm *Drain Str+3 Dex+2} (You found it on level 5 of the Pits of Slime)
 63178 | Depths:4 | Voluntarily entered the Abyss.
 63315 | Abyss:2  | Found a corrupted altar of Lugonu.
 63412 | Abyss:2  | Reached skill level 5 in Necromancy
 63514 | Abyss:2  | Gained mutation: Scrolls take you a little longer to read. [a cacodemon]
 63669 | Abyss:2  | Gained mutation: You are dopey. (Int -2) [a neqoxec]
 63669 | Abyss:2  | Gained mutation: You are weak. (Str -2) [a neqoxec]
 64013 | Abyss:2  | Reached skill level 20 in Fighting
 64057 | Abyss:3  | Found a corrupted altar of Lugonu.
 64116 | Abyss:3  | Gained mutation: You are clumsy. (Dex -2) [a neqoxec]
 64426 | Abyss:3  | Got an abyssal rune of Zot
 64645 | Depths:4 | Escaped the Abyss
 65025 | Vaults:5 | Entered Level 5 of the Vaults
 65034 | Vaults:4 | Reached skill level 21 in Fighting
 65183 | Vaults:5 | Noticed Boris
 65194 | Vaults:5 | Noticed an ancient lich
 65194 | Vaults:5 | Killed Boris
 65224 | Vaults:5 | Cast into level 5 of the Abyss (an ancient lich)
 65224 | Abyss:5  | Entered Level 5 of the Abyss
 65517 | Abyss:5  | HP: 2/231 [starcursed mass/accursed screaming (15)]
 65521 | Abyss:5  | Reached skill level 22 in Fighting
 65551 | Abyss:5  | Gained mutation: Your body often deteriorates upon taking damage. [a shining eye]
 65556 | Abyss:5  | Gained mutation: Armour fits poorly on your strangely shaped body. [a shining eye]
 65560 | Abyss:5  | Gained mutation: Your spells are a little harder to cast, but a little more powerful. [a shining eye]
 65702 | Vaults:5 | Escaped the Abyss
 65713 | Vaults:4 | Killed an ancient lich
 65729 | Vaults:4 | HP: 8/231 [large abomination[a deep elf high priest] (16)]
 65731 | Vaults:4 | Lost mutation: You are clumsy. (Dex -2) [potion of cure mutation]
 65731 | Vaults:4 | Lost mutation: Scrolls take you a little longer to read. [potion of cure mutation]
 65731 | Vaults:4 | Lost mutation: Armour fits poorly on your strangely shaped body. [potion of cure mutation]
 65731 | Vaults:4 | Lost mutation: Your magical capacity is low. (-10% MP) [potion of cure mutation]
 65731 | Vaults:4 | Lost mutation: Your spells are a little harder to cast, but a little more powerful. [potion of cure mutation]
 67102 | Vaults:5 | Identified the cursed +3 arbalest of Frustration {velocity, rPois MP+9 Dex-4 SInv} (You found it on level 5 of the Vaults)
 67646 | Vaults:5 | Got a silver rune of Zot
 67700 | Vaults:5 | Identified the amulet of Tuotozuf {Faith Fragile Str+4 Int+4} (You found it on level 5 of the Vaults)
 68182 | Crypt:1  | Entered Level 1 of the Crypt
 68404 | Orc:2    | Bought the +18 shield of the Gong {rElec rN+ MR+ EV-5} for 2140 gold pieces
 68790 | Crypt:1  | Reached skill level 23 in Fighting
 68809 | Crypt:1  | Reached skill level 15 in Hexes
 68890 | Crypt:1  | Noticed Margery
 68914 | Crypt:2  | Killed Margery
 69083 | Crypt:2  | Noticed Saint Roka
 69096 | Crypt:2  | Killed Saint Roka
 69480 | Crypt:2  | Reached skill level 10 in Necromancy
 70346 | Zot:1    | Entered Level 1 of the Realm of Zot
 71520 | Zot:2    | Noticed an orb of fire
 71529 | Zot:2    | Gained mutation: You are clumsy. (Dex -2) [an orb of fire]
 71531 | Zot:1    | Gained mutation: You are frail. (-10% HP) [an orb of fire]
 71532 | Zot:1    | Gained mutation: You are very dopey. (Int -4) [an orb of fire]
 71535 | Zot:1    | Gained mutation: Scrolls take you a little longer to read. [an orb of fire]
 71537 | Zot:1    | Killed an orb of fire
 71537 | Zot:1    | Reached skill level 24 in Fighting
 72604 | Zot:1    | Lost mutation: You are frail. (-10% HP) [potion of cure mutation]
 72604 | Zot:1    | Lost mutation: Scrolls take you a little longer to read. [potion of cure mutation]
 72604 | Zot:1    | Lost mutation: You are clumsy. (Dex -2) [potion of cure mutation]
 72604 | Zot:1    | Lost mutation: You are weak. (Str -2) [potion of cure mutation]
 72604 | Zot:1    | Lost mutation: You are very dopey. (Int -4) [potion of cure mutation]
 74553 | Zot:3    | Noticed an orb of fire
 74554 | Zot:3    | Gained mutation: Your spells are a little easier to cast, but a little less powerful. [an orb of fire]
 74560 | Zot:3    | Killed an orb of fire
 74560 | Zot:3    | Reached skill level 25 in Fighting
 76275 | Zot:3    | Reached skill level 26 in Fighting
 77083 | Zot:4    | Identified the Incunabulum of the Arsonist
 77442 | Zot:4    | Identified the Disquisition on the Dusty Compass
 77452 | Zot:4    | Identified the Compendium of Destructive Hexes
 77602 | Zot:5    | Entered Level 5 of the Realm of Zot
 77882 | Zot:5    | Noticed an ancient lich
 77885 | Zot:5    | Killed an ancient lich
 77983 | Zot:5    | Noticed an ancient lich
 77993 | Zot:5    | Killed an ancient lich
 77993 | Zot:5    | Reached skill level 27 in Fighting
 78020 | Zot:5    | Killed from afar by a deathcap

Skill      XL: |  1  2  3  4  5  6  7  8  9 10 11 12 13 14 15 16 17 18 19 20 21 22 23 24 25 26 27 |
---------------+----------------------------------------------------------------------------------+-----
Maces & Flails | 3 4 6 9 10 12 14 15 16 17 18 19 20 | 20.2
Invocations    | 1 4 6 7 9 10 | 10.0
Armour         | 4 7 8 9 10 11 12 13 14 15 16 22 | 22.0
Fighting       | 5 7 9 10 11 12 13 14 15 16 17 18 27 | 27.0
Shields        | 4 5 6 8 10 11 12 13 15 16 | 16.1
Dodging        | 4 5 7 8 9 10 11 12 13 14 15 16 | 16.9
Crossbows      | 6 9 11 14 16 17 18 19 20 | 20.0
Charms         | 5 7 10 14 | 14.7
Hexes          | 5 7 9 17 | 17.0
Necromancy     | 4 13 | 13.6

Action                   |  1- 3 |  4- 6 |  7- 9 | 10-12 | 13-15 | 16-18 | 19-21 | 22-24 | 25-27 || total
-------------------------+-------+-------+-------+-------+-------+-------+-------+-------+-------++-------
Melee: Flail             |    81 |   179 |   422 |    27 |       |       |       |       |       ||   709
       Morningstar       |       |       |       |   370 |       |       |       |       |       ||   370
       Great mace        |       |       |       |   175 |   948 |   941 |  1005 |   990 |  3860 ||  7919
 Fire: Arbalest          |       |       |       |       |       |    49 |    52 |   118 |   164 ||   383
 Cast: Spectral Weapon   |       |       |       |       |       |       |       |       |    13 ||    13
       Regeneration      |       |       |       |       |       |       |       |       |    59 ||    59
Invok: Bend Time         |       |       |     3 |     3 |     4 |       |     3 |       |     7 ||    20
       Temporal Distorti |       |       |       |     5 |     1 |     2 |     3 |       |     5 ||    16
       Slouch            |       |       |       |     1 |    16 |     9 |     6 |    13 |    47 ||    92
       Step From Time    |       |       |       |       |       |       |       |       |     5 ||     5
 Abil: Dig               |       |     3 |     5 |    16 |     5 |     8 |    10 |     1 |    54 ||   102
       Shaft Self        |       |       |       |     2 |       |       |       |       |       ||     2
Evoke: Wand              |       |       |       |       |     7 |       |       |       |     1 ||     8
  Use: Potion            |     2 |     1 |     2 |     3 |     1 |     3 |       |     1 |    30 ||    43
       Scroll            |       |     5 |     4 |    20 |    10 |    13 |    10 |    13 |    25 ||   100
 Stab: Distracted        |       |       |       |       |       |       |       |       |     5 ||     5
       Petrified         |       |       |       |       |       |       |       |       |     4 ||     4
       Invisible         |       |       |       |       |       |       |       |       |     3 ||     3
  Eat: Chunk             |       |     6 |     8 |    23 |    30 |     6 |     8 |    15 |    25 ||   121
       Fruit             |       |       |       |     8 |       |     1 |     4 |       |     8 ||    21
       Beef jerky        |       |       |       |       |     1 |       |     2 |       |    11 ||    14
       Royal jelly       |       |       |       |       |       |     1 |     1 |     1 |       ||     3
       Pizza             |       |       |       |       |       |       |     1 |     2 |     3 ||     6
       Meat ration       |       |       |       |       |       |       |       |       |     7 ||     7
Armor: Scale mail        |    42 |    53 |    60 |       |       |       |       |       |       ||   155
       Ring mail         |       |       |    41 |     4 |       |       |       |       |       ||    45
       Plate armour      |       |       |       |   230 |   240 |       |       |       |       ||   470
       Chain mail        |       |       |       |       |    53 |   214 |       |       |       ||   267
       Storm dragon scal |       |       |       |       |       |    73 |   118 |       |       ||   191
       Crystal plate arm |       |       |       |       |       |       |    32 |   212 |   703 ||   947
       Gold dragon scale |       |       |       |       |       |       |       |       |   150 ||   150
       Skin              |       |       |       |       |       |       |       |       |     7 ||     7
Dodge: Dodged            |    44 |    57 |    91 |   110 |   220 |   380 |   281 |   324 |  1437 ||  2944
Block: Shield            |    58 |    97 |   189 |   266 |   398 |       |       |       |   981 ||  1989
       Large shield      |       |       |       |       |   294 |  1108 |   941 |   960 |  3798 ||  7101
       Reflection        |       |       |       |       |       |       |       |       |   144 ||   144
